 Dungeon Crawl Stone Soup version 0.18.1-2-ga659475 (webtiles) character file.

125 lightmor the Skirmisher (level 4, 0/42 HPs)
             Began as a Centaur Warper on May 8, 2016.
             Was an Initiate of Okawaru.
             Slain by a giant frog (3 damage)
             ... on level 2 of the Dungeon.
             The game lasted 00:08:08 (4376 turns).

lightmor the Skirmisher (Centaur Warper)            Turns: 4376, Time: 00:08:09

Health: 0/42       AC:  5    Str: 13    XL:     4   Next: 82%
Magic:  6/6        EV:  9    Int: 13    God:    Okawaru [......]
Gold:   107        SH:  0    Dex:  9    Spells: 2 memorised, 3 levels left

rFire  . . .     SeeInvis .     a - +0 spear
rCold  . . .     Gourm    .     b - +0 leather armour
rNeg   . . .     Faith    .     (no shield)
rPois  .         Spirit   .     (no helmet)
rElec  .         Dismiss  .     (no cloak)
rCorr  .         Reflect  .     n - +0 pair of gloves
SustAt .         Harm     .     (no barding)
MR     .....                    (no amulet)
Stlth  +.........               (no ring)
                                (no ring)

@: flying, very quick, not resistant to hostile enchantments, very unstealthy
A: hooves 3, deformed body, speed 2, tough skin 3
a: Renounce Religion


You were on level 2 of the Dungeon.
You worshipped Okawaru.
Okawaru was noncommittal.
You were not hungry.

You visited 1 branch of the dungeon, and saw 3 of its levels.

You collected 107 gold pieces.

Inventory:

Hand Weapons
 a - a +0 spear (weapon)
Missiles
 e - 5 tomahawks of dispersal (quivered)
 g - 30 poisoned needles
 j - 35 arrows
Armour
 b - a +0 leather armour (worn)
 n - a +0 pair of gloves (worn)
Jewellery
 r - an uncursed ring of resist corrosion {unknown}
 s - an uncursed ring of fire {unknown}
Scrolls
 d - a scroll of blinking
 i - a scroll of identify {unknown}
 l - a scroll of remove curse {unknown}
 o - a scroll of random uselessness {unknown}
 q - a scroll of teleportation {unknown}
Books
 c - a book of Spatial Translocations

   Spells                             Type                      Level
   a - Apportation                    Translocation                1
   b - Blink                          Translocation                2
   c - Shroud of Golubria             Charms/Translocation         2
   d - Portal Projectile              Translocation                3
   e - Teleport Other                 Translocation                3
   f - Passage of Golubria            Translocation                4
Comestibles
 f - a bread ration
 h - a meat ration
 p - a chunk of flesh


   Skills:
 * Level 5.1 Fighting
 - Level 1.7 Polearms
 - Level 1.1 Throwing
 - Level 0.6 Armour
 - Level 1.3 Dodging
 - Level 1.5 Spellcasting
 - Level 2.6 Translocations


You had 3 spell levels left.
You knew the following spells:

 Your Spells              Type           Power        Failure   Level  Hunger
a - Apportation           Tloc           #.........   12%         1    ##.....
b - Blink                 Tloc           N/A          17%         2    ###....


Dungeon Overview and Level Annotations

Branches:
Dungeon (3/15)

Altars:
Elyvilon
Fedhas
Okawaru

Annotations:
D:3 Terence


Innate Abilities, Weirdness & Mutations

You have hooves in place of feet.
Armour fits poorly on your strangely shaped body.
You cover ground very quickly.
You have extremely tough skin (AC +3).


Message History

The giant frog is almost dead.
The giant frog hits you!
* * * LOW HITPOINT WARNING * * *
You are too injured to fight recklessly!
You are too injured to fight recklessly!
You are too injured to fight recklessly!
The giant frog hits you but does no damage.
You hit the giant frog.
The giant frog is almost dead.
The giant frog hits you.
* * * LOW HITPOINT WARNING * * *
Drink which item? (? for menu, Esc to quit)
It was a potion of cancellation.
You feel magically purged. The giant frog misses you. The giant frog hits you.
* * * LOW HITPOINT WARNING * * *
Drink which item? (? for menu, Esc to quit)
It was a potion of flight.
You feel very buoyant.
You fly up into the air.
The giant frog hits you.
You die...

####### #.....##### #####
#.#.#.#.#.## #...#
#..........# #...#
#.#.......## #...#
#....>.....##
#...####.#.......#.#
#...@F.............#
#...##.###.......#.#
#....#.##..........#
########.....#.#.#.#.#.#
#...........##.........##
###..####.######.).......
##..........##.........
######.###.###.###.#..
####..........###....


You could see a giant frog.

Vanquished Creatures
  3 gnolls (D:1)
  3 adders
  3 worms (D:2)
  4 dart slugs
  A giant gecko (D:2)
  An orc (D:2)
  4 giant cockroaches
  7 goblins
  2 hobgoblins
  4 jackals (D:2)
  7 bats
  4 giant newts
  5 kobolds
  3 rats
51 creatures vanquished.

Notes
Turn   | Place    | Note
--------------------------------------------------------------
     0 | D:1      | lightmor the Centaur Warper began the quest for the Orb.
     0 | D:1      | Reached XP level 1. HP: 17/17 MP: 3/3
   186 | D:1      | Reached XP level 2. HP: 25/25 MP: 4/4
   421 | D:1      | Reached skill level 3 in Fighting
  1118 | D:2      | Learned a level 2 spell: Blink
  1142 | D:2      | Found an iron altar of Okawaru.
  1150 | D:2      | Reached XP level 3. HP: 29/31 MP: 5/5
  1165 | D:2      | Became a worshipper of Warmaster Okawaru
  1562 | D:1      | Reached skill level 4 in Fighting
  1875 | D:2      | Reached XP level 4. HP: 41/41 MP: 6/6
  2876 | D:2      | Found a white marble altar of Elyvilon.
  2970 | D:3      | Noticed Terence
  3634 | D:2      | Reached skill level 5 in Fighting
  3897 | D:3      | Found a blossoming altar of Fedhas.
  3986 | D:2      | HP: 2/42 [gnoll/halberd (2)]
  4348 | D:3      | Noticed a giant frog
  4376 | D:2      | Slain by a giant frog

Skill      XL: |  1  2  3  4 |
---------------+-------------+-----
Fighting       | 3 4 5 |  5.1
Polearms       | |  1.7
Throwing       | |  1.1
Armour         | |  0.6
Dodging        | |  1.3
Spellcasting   | |  1.5
Translocations | |  2.6

Action                   |  1- 3 |  4- 6 || total
-------------------------+-------+-------++-------
Melee: Spear             |   148 |   190 ||   338
       Kick              |    10 |    20 ||    30
  Use: Potion            |       |     2 ||     2
  Eat: Chunk             |     2 |     3 ||     5
       Meat ration       |       |     1 ||     1
Armor: Leather armour    |    29 |    29 ||    58
Dodge: Dodged            |    50 |    58 ||   108
